 Dungeon Crawl Stone Soup version 0.28.0-43-g3370ac3207 (webtiles) character file.

Game seed: 10864169880425079809

4283 rlgrobin the Fighter (level 10, 0/65 HPs)
             Began as a Gargoyle Earth Elementalist on Mar 4, 2022.
             Was an Initiate of Gozag.
             Slain by a fire elemental (8 damage)
             ... summoned by a deep elf pyromancer
             ... on level 8 of the Dungeon.
             The game lasted 00:21:14 (12362 turns).

rlgrobin the Fighter (Gargoyle Earth Elementalist) Turns: 12362, Time: 00:21:15

Health: 0/65       AC: 17    Str: 15    XL:     10   Next: 32%
Magic:  16/16      EV: 11    Int: 17    God:    Gozag
Gold:   308        SH:  0    Dex: 10    Spells: 11/17 levels left

rFire   . . .      SeeInvis .   a - +7 whip
rCold   . . .      Faith    .   (no shield)
rNeg    + . .      Spirit   .   A - +0 swamp dragon scales
rPois   ∞          Reflect  .   E - +0 helmet
rElec   +          Harm     .   (no cloak)
rCorr   +          Rampage  .   (no gloves)
Will    .....                   (no boots)
Stlth   +.........              (no amulet)
HPRegen 0.20/turn               h - ring of flight
MPRegen 0.15/turn               M - ring of resist corrosion

@: flying
A: sickness immunity, AC +7, negative energy resistance 1, electricity
resistance, torment resistance 1, petrification resistance
a: Renounce Religion, Potion Petition, Call Merchant, Bribe Branch


You were on level 8 of the Dungeon.
You worshipped Gozag.
Gozag was aware of your devotion.
You visited 2 branches of the dungeon, and saw 9 of its levels.

You collected 592 gold pieces.
You spent 186 gold pieces at shops.
You paid 98 gold pieces to Gozag.

Inventory:

Hand Weapons
 a - a +7 whip (weapon)
 b - a +0 hand crossbow
 J - a +4 flail of draining
Missiles
 k - 20 bolts
 n - 4 silver javelins
 q - 2 boomerangs
 v - 14 poisoned darts (quivered)
 z - 2 boomerangs of dispersal
Armour
 f - a +2 helmet
 w - the +4 ring mail "Xetiw" {*Slow rC++ rCorr Str+3}
   (You found it on level 3 of the Dungeon)

   Str:       It affects your strength (+3).
   rC:        It greatly protects you from cold.
   rCorr:     It protects you from acid and corrosion.
   *Slow:     It may slow you when you take damage.
 A - +0 swamp dragon scales (worn)
 E - a +0 helmet (worn)
 I - the +1 leather armour "Kestojev" {rC+ Dex+4}
   (You found it on level 7 of the Dungeon)

   Dex:       It affects your dexterity (+4).
   rC:        It protects you from cold.
Jewellery
 h - a ring of flight (left hand)
 M - a ring of resist corrosion (right hand)
Wands
 d - a wand of mindburst (1)
 i - a wand of acid (6)
 s - a wand of polymorph (2)
 B - a wand of paralysis (7)
Scrolls
 c - a scroll of fog {unknown}
 e - a scroll of fear
 g - 3 scrolls of identify
 r - a scroll of noise
 u - 3 scrolls of teleportation
 x - 2 scrolls of magic mapping
 y - a scroll of enchant weapon
 D - a scroll of amnesia
 G - a scroll of blinking {unknown}
 H - 2 scrolls of immolation {unknown}
 K - a scroll of enchant armour
 L - a scroll of holy word {unknown}
Potions
 j - 3 potions of ambrosia
 l - a potion of might
 m - 3 potions of curing
 o - a potion of haste
 p - 2 potions of brilliance
 t - a potion of lignification
 C - 2 potions of cancellation {unknown}
 F - 2 potions of magic


   Skills:
 + Level 8.8 Fighting
 - Level 6.0 Maces & Flails
 - Level 6.0 Armour
 - Level 4.0 Dodging
 - Level 2.1 Stealth
 - Level 4.0 Spellcasting
 - Level 6.0 Conjurations
 - Level 0.7 Transmutations
 - Level 6.0 Earth Magic


You had 11 spell levels left.
You knew the following spells:

 Your Spells              Type           Power      Damage    Failure   Level
a - Sandblast             Erth           46%        2d11      2%          1
b - Stone Arrow           Conj/Erth      46%        3d9       7%          3
q - Passwall              Tmut/Erth      11%        N/A       11%         2

Your spell library contained the following spells:

 Spells                   Type           Power      Damage    Failure   Level
 Sting                    Tmut/Pois      16%        1d3       24%         1
 Corpse Rot               Necr/Air       6%         N/A       38%         2
 Poisonous Vapours        Pois/Air       6%         N/A       38%         2
 Petrify                  Tmut/Erth      14%        N/A       56%         4
 Call Canine Familiar     Summ           3%         N/A       63%         3
 Portal Projectile        Hex/Tloc       6%         N/A       63%         3
 Leda's Liquefaction      Hex/Erth       6%         N/A       63%         4
 Olgreb's Toxic Radiance  Pois           3%         N/A       95%         4


Dungeon Overview and Level Annotations

Branches:
Dungeon (8/15)             Temple (1/1) D:7
   Lair: D:8-11

Altars:
Ashenzari
Cheibriados
Dithmenos
Elyvilon
Fedhas
Gozag
Hepliaklqana
Kikubaaqudgha
Makhleb
Nemelex Xobeh
Okawaru
Qazlal
Ru
Sif Muna
Uskayaw
Vehumet
Wu Jian
Xom
Yredelemnul

Shops:
D:6 ?

Annotations:
D:3 2 runed translucent doors, jazmu's ghost, novice GrGl


Innate Abilities, Weirdness & Mutations

You are immune to sickness and miasma.
Your stone body is resilient. (AC +7)
You are immune to poison.
You resist negative energy. (rN+)
You are resistant to electric shocks. (rElec)
You are resistant to unholy torment.
You are immune to petrification.


Message History

Aiming: Corrosive Bolt
Press: ? - help, Shift-Dir - straight line, f/p - deep elf pyromancer
Aim: a deep elf pyromancer, wielding a +0 short sword (60% to hit)
The bolt of acid hits the fire elemental!
The acid corrodes the fire elemental!
The fire elemental is heavily damaged.
The bolt of acid hits the deep elf pyromancer!
The acid corrodes the deep elf pyromancer!
The deep elf pyromancer is heavily wounded.
The deep elf pyromancer casts a spell.
The fire elemental hits you. The fire elemental burns you!
You take 7 damage, and have 58/65 hp.
Found a leather armour.
The deep elf pyromancer points at you and mumbles some strange words.
The bolt of fire hits you!!
You take 18 damage, and have 40/65 hp.
The deep elf pyromancer hits you but does no damage.
The fire elemental hits you. The fire elemental burns you!
* * * LOW HITPOINT WARNING * * *
The fire elemental hits you. The fire elemental burns you!
* * * LOW HITPOINT WARNING * * *
You take 12 damage, and have 28/65 hp.
You closely miss the deep elf pyromancer.
The deep elf pyromancer is heavily wounded.
The deep elf pyromancer hits you but does no damage.
The fire elemental hits you. The fire elemental burns you!
* * * LOW HITPOINT WARNING * * *
The fire elemental hits you. The fire elemental burns you!
* * * LOW HITPOINT WARNING * * *
You take 19 damage, and have 9/65 hp.
As you read the scroll of fear, it crumbles to dust.
You assume a fearsome visage.
The fire elemental is unaffected.
The fire elemental is unaffected.
The deep elf pyromancer looks frightened!
The fire elemental hits you.
* * * LOW HITPOINT WARNING * * *
The fire elemental burns you!
You die...
Your body crumbles into a pile of gold.

##.... ...
#...... ....
#........ ....#
#?..[....
.....####....?...
.........(......
.........e#☼..#
......[.@E#☼.#
.##./>.PE°##
#....○.♣.#
##.......##
#.P.P≈.P.#
#P..♣≈≈♣.##
#...♣≈≈≈P.#
#.♣≈≈≈♣≈P.#
#.≈♣≈≈≈≈..#


You could see a deep elf pyromancer (fleeing, corroded) and 2 fire elementals.

Vanquished Creatures
  A kobold demonologist (D:7)
  Grinder (D:6)
  3 yaks
  A steam dragon (D:7)
  4 ice beasts
  4 ogres
  2 centaurs
  3 phantoms (D:6)
  3 bullfrogs
  2 gnoll sergeants (D:7)
  3 wyvern zombies
  2 scorpions (D:6)
  A water moccasin zombie (D:7)
  A wyvern skeleton (D:6)
  3 water moccasin skeletons
  5 killer bees (D:7)
  6 electric eels (D:8)
  2 howler monkeys
  2 centaur zombies
  A bullfrog zombie (D:5)
  A hound (D:4)
  2 centaur skeletons (D:7)
  6 orc priests
  2 iguanas
  4 orc wizards
  A howler monkey zombie (D:6)
  11 gnolls (D:7)
  A howler monkey skeleton (D:6)
  7 adders
  An ufetubus (D:4)
  An adder skeleton (D:4)
  4 worms
  2 dart slugs (D:5)
  32 orcs
  7 bats
  2 endoplasms
  3 giant cockroaches
  7 goblins
  4 hobgoblins
  11 jackals
  6 kobolds
  2 quokkas
  6 ball pythons
  3 frilled lizards
  8 rats
184 creatures vanquished.

Vanquished Creatures (others)
  16 plants (D:8)
16 creatures vanquished.

Grand Total: 200 creatures vanquished

Notes
Turn   | Place    | Note
-------+----------+-------------------------------------------
     0 | D:1      | rlgrobin the Gargoyle Earth Elementalist began the quest
                  | for the Orb.
     0 | D:1      | Reached XP level 1. HP: 10/10 MP: 3/3
   430 | D:1      | Reached XP level 2. HP: 13/15 MP: 5/5
  1111 | D:1      | Reached XP level 3. HP: 16/19 MP: 3/6
  1808 | D:2      | Reached XP level 4. HP: 24/24 MP: 6/8
  2275 | D:2      | Reached skill level 5 in Earth Magic
  2871 | D:3      | Found an ornate altar of the Wu Jian Council.
  2981 | D:3      | Found a runed translucent door.
  3129 | D:3      | Found a runed translucent door.
  3270 | D:2      | Reached XP level 5. HP: 15/28 MP: 1/10
  3431 | D:3      | Noticed jazmu's ghost (novice GrGl)
  3817 | D:3      | Learned a level 2 spell: Passwall
  3827 | D:2      | Learned a level 3 spell: Stone Arrow
  4194 | D:3      | Identified the +4 ring mail "Xetiw" {*Slow rC++ rCorr
                  | Str+3}
  4289 | D:4      | Reached skill level 1 in Conjurations
  4327 | D:4      | Reached XP level 6. HP: 32/32 MP: 8/12
  5476 | D:4      | Reached XP level 7. HP: 6/36 MP: 5/13
  5953 | D:5      | Entered Level 5 of the Dungeon
  6070 | D:5      | Reached skill level 1 in Fighting
  6070 | D:5      | Reached skill level 1 in Armour
  6074 | D:5      | Reached skill level 1 in Maces & Flails
  6879 | D:5      | Reached skill level 2 in Fighting
  7091 | D:5      | Reached XP level 8. HP: 37/44 MP: 10/14
  7916 | D:6      | Reached skill level 5 in Maces & Flails
  7988 | D:6      | Noticed Grinder
  8003 | D:6      | Killed Grinder
  8004 | D:6      | Reached skill level 5 in Conjurations
  8096 | D:6      | Reached XP level 9. HP: 49/49 MP: 15/15
  8136 | D:6      | Reached skill level 3 in Fighting
  8278 | D:6      | Found Nocviema's Magic Scroll Boutique.
  8283 | D:6      | Bought a scroll of teleportation for 33 gold pieces
  8283 | D:6      | Bought a scroll of magic mapping for 38 gold pieces
  8283 | D:6      | Bought a scroll of teleportation for 33 gold pieces
  8283 | D:6      | Bought a scroll of enchant weapon for 82 gold pieces
  8463 | D:6      | Reached skill level 5 in Armour
  8885 | D:6      | Noticed Maggie
  8889 | D:6      | Noticed Maggie
  8889 | D:6      | Maggie changed into Maggie the rat
  8892 | D:6      | Killed Maggie the rat
  9183 | D:7      | Reached skill level 4 in Fighting
  9723 | D:7      | Reached skill level 5 in Fighting
  9880 | D:7      | Found a staircase to the Ecumenical Temple.
  9880 | D:7      | Identified the +1 leather armour "Kestojev" {rC+ Dex+4}
  9918 | Temple   | Entered the Ecumenical Temple
 10396 | Temple   | Became a worshipper of Gozag Ym Sagoz the Greedy
 10453 | D:7      | Noticed a kobold demonologist
 10467 | D:7      | Killed a kobold demonologist
 10468 | D:7      | Reached skill level 6 in Fighting
 10692 | D:7      | Reached XP level 10. HP: 51/61 MP: 10/16
 10842 | D:7      | Found a radiant altar of Vehumet.
 10842 | D:7      | Found a shimmering blue altar of Sif Muna.
 10842 | D:7      | Found an iron altar of Okawaru.
 10933 | D:7      | Reached skill level 7 in Fighting
 11851 | D:8      | Found a blossoming altar of Fedhas.
 11893 | D:8      | Reached skill level 8 in Fighting
 12353 | D:8      | Noticed a deep elf pyromancer
 12362 | D:8      | Slain by a fire elemental

Illustrated notes

Levels and vault maps discovered:
D:1:      heliophobic_arrival_glass_houses, layout_rooms, serial_forest,
          infiniplex_forest_lined_ring, infiniplex_forest_lined_room_,
          infiniplex_forest_end_1, infiniplex_forest_clump_double,
          infiniplex_forest_lined_3, chequers_serial_rivers_micro_e,
          serial_park_tiny_1
D:2:      layout_basic, wad_orctagon
D:3:      layout_basic, nicolae_wu_jian_wuxing_cycle, ebering_ghost_sewer_f,
          chequers_decorated_corner
D:4:      layout_loops_ring
D:5:      layout_loops_cross
D:6:      layout_loops_ring, serial_shops, nicolae_shop_hallway_stairs,
          amcnicky_mini_pool_medium, uniq_maggie, uniq_grinder
D:7:      layout_gridville, gammafunk_temple_overflow_forgotten,
          minmay_temple_entry_butterflies
D:8:      layout_cave_pods, lemuel_doored_altar, serial_bayou,
          serial_bayou_pond_e, serial_bayou_crossing, serial_bayou_shore_a,
          serial_bayou_ford_a, serial_bayou_pond_a
Temple:   eino_temple_water

Skill      XL: |  1  2  3  4  5  6  7  8  9 10 |
---------------+-------------------------------+-----
Earth Magic    | 4 5 6 |  6.0
Spellcasting   | 3 4 |  4.0
Conjurations   | 2 4 5 6 |  6.0
Fighting       | 2 6 8 |  8.8
Armour         | 3 4 6 |  6.0
Maces & Flails | 2 6 |  6.0
Dodging        | 2 4 |  4.0
Stealth        | |  2.1
Transmutations | |  0.7

Action                   |  1- 3 |  4- 6 |  7- 9 | 10-12 || total
-------------------------+-------+-------+-------+-------++-------
Melee: Short sword       |    64 |       |       |       ||    64
       Unarmed           |     6 |       |       |       ||     6
       Dagger            |    56 |    78 |       |       ||   134
       Falchion          |       |   103 |     1 |       ||   104
       Punch             |       |     3 |     3 |     1 ||     7
       Whip              |       |       |   231 |    58 ||   289
Throw: Dart              |       |     6 |     1 |     7 ||    14
 Cast: Sandblast         |    12 |    45 |    96 |    23 ||   176
       Stone Arrow       |       |       |     9 |    14 ||    23
Evoke: Wand              |       |     2 |     9 |     1 ||    12
  Use: Scroll            |       |       |    11 |     1 ||    12
       Potion            |       |       |     6 |       ||     6
 Stab: Sleeping          |     3 |     3 |       |       ||     6
Armor: Robe              |    63 |   104 |     3 |       ||   170
       Ring mail         |       |       |    76 |       ||    76
       Swamp dragon scal |       |       |   108 |    41 ||   149
Dodge: Dodged            |    86 |   126 |   194 |    41 ||   447
